 Dungeon Crawl Stone Soup version 0.27-a0-604-g29a88b33a7 (webtiles) character file.

Game seed: 9453053764880835205

226 dickylongcocking the Agent of Entropy (level 6, -1/56 HPs)
             Began as a Naga Abyssal Knight on Mar 13, 2021.
             Was a Priest of Lugonu.
             Slain by an orc (3 damage)
             ... on level 4 of the Dungeon.
             The game lasted 00:04:04 (4982 turns).

dickylongcocking the Agent of Entropy (NaAK)        Turns: 4982, Time: 00:04:04

Health: -1/56      AC:  6    Str: 13 (14) XL:     6   Next: 1%
Magic:  9/9        EV:  7    Int: 12 (13) God:    Lugonu [***...]
Gold:   176        SH:  0    Dex: 10 (12) Spells: 5/5 levels left

rFire    + . .     SeeInvis +   a - +1 mace
rCold    + . .     Faith    .   (no shield)
rNeg     . . .     Spirit   .   l - +0 scale mail
rPois    +         Reflect  .   h - +0 helmet
rElec    .         Harm     .   j - scarf {rC+ rF+}
rCorr    .         Rampage  .   (no gloves)
Will     .....                  (no barding)
Stlth    +.........             f - amulet of magic regeneration
HPRegen  0.18/turn              (no ring)
MPRegen  0.36/turn              (no ring)

@: lethally poisoned (-1 -> -2), about to teleport, very slow
A: large, see invisible, deformed body, poison resistance, slowness 2, spit
poison 1, naga tail 1, AC +2
a: Spit Poison, Renounce Religion, Depart the Abyss, Bend Space, Banish


You were on level 4 of the Dungeon.
You worshipped Lugonu.
Lugonu was most pleased with you.
You visited 1 branch of the dungeon, and saw 4 of its levels.
You visited the Abyss 1 time.

You collected 176 gold pieces.

Inventory:

Hand Weapons
 a - a +1 mace (weapon)
 n - a +0 dagger
Armour
 b - a +0 leather armour
 h - a +0 helmet (worn)
 j - a scarf of resistance (worn)
 l - a +0 scale mail (worn)
Jewellery
 f - an amulet of magic regeneration (around neck)
 o - a ring of protection from fire
 p - an amulet of the acrobat
Scrolls
 c - a scroll of immolation
 e - a scroll of identify
 g - a scroll of random uselessness
 m - 3 scrolls of teleportation


   Skills:
 - Level 3.0 Fighting
 * Level 4.0 Maces & Flails
 - Level 1.5 Armour
 - Level 0.7 Dodging
 + Level 3.7 Stealth
 * Level 4.3 Invocations


You had 5 spell levels left.
You didn't know any spells.
Your spell library was empty.

Dungeon Overview and Level Annotations

Branches:
Dungeon (4/15)
 Temple: D:4-7

Altars:
Ru
Xom
Zin

Annotations:
D:3 2 transporters, Jstep's ghost, amateur MiFi


Innate Abilities, Weirdness & Mutations

Your serpentine skin is tough. (AC +2)
You have supernaturally acute eyesight. (SInv)
Armour fits poorly on your strangely shaped body.
Your system is resistant to poisons. (rPois)
You cover ground very slowly.
You can spit poison.
You have a snake-like lower body.


Message History

Lugonu accepts your kill.
The orc priest mumbles some strange prayers to Beogh against you.
Beogh smites you!
* * * LOW HITPOINT WARNING * * *
Your Maces & Flails skill increases to level 4!
You have reached level 6!
Your experience leads to an increase in your attributes!
Increase (S)trength, (I)ntelligence, or (D)exterity?
You feel agile.
Your skin feels tougher.
It was a potion of degeneration.
There was something very wrong with that liquid.
You feel weakened.
You feel dopey.
You feel clumsy.
You feel sick. The orc hits you.
* * * LOW HITPOINT WARNING * * *
You hit the orc.
The orc is severely wounded.
The orc hits you but does no damage.
You closely miss the orc.
The orc is severely wounded.
You feel sick.
The orc priest looks encouraged for a moment.
The orc hits you.
* * * LOW HITPOINT WARNING * * *
Unknown command.
As you read the scroll labelled XATAG BAOTRELI, it crumbles to dust.
It is a scroll of amnesia.
You feel forgetful for a moment. The orc hits you.
* * * LOW HITPOINT WARNING * * *
As you read the scroll labelled ENEMMA WOLAEDE, it crumbles to dust.
The creatures around you are filled with an inner flame!
It was a scroll of immolation.
The orc barely misses you.
As you read the scroll labelled XERONOL LOTYLI, it crumbles to dust.
The scroll dissolves into smoke.
It was a scroll of fog.
You feel sick. The orc barely misses you.
As you read the scroll labelled EDUECE UBEWN, it crumbles to dust.
You feel strangely unstable.
It was a scroll of teleportation.
The orc completely misses you.
Unknown command.
You feel sick. The orc hits you.
You die...

...#######.....# ##..#
.....>...#.8.8.####..#
#.......o'.._..'.##..#
..###....#.8.8.#.....#
##$.##.Soo.####.)#
#..#####§### #..# ###
#.# #o# #(.# ##.. #.#
#o# ##..#####... #.#
#@# ##....#...### .#
#§§§###.......### #
§§§§§........##
........###...#
........# #....###
.........# #......####
#.##########......#...#
#.....#####.. ##...#
##.#


You could see 2 orcs.

Vanquished Creatures
  A hound (D:3)
  An orc wizard (D:3)
  A worker ant (D:4)
  A hound skeleton (D:3)
  Robin (D:2)
  2 adders (D:3)
  A white imp (D:4)
  A worm (D:3)
  A dart slug (D:1)
  3 leopard geckos
  5 orcs
  8 bats
  2 giant cockroaches
  21 goblins
  4 hobgoblins
  11 jackals
  8 kobolds
  2 ball pythons
  2 frilled lizards (D:1)
  6 rats
82 creatures vanquished.

Notes
Turn   | Place    | Note
-------+----------+-------------------------------------------
     0 | Abyss:1  | dickylongcocking the Naga Abyssal Knight began the quest
                  | for the Orb.
     0 | Abyss:1  | Reached XP level 1. HP: 21/21 MP: 2/2
    13 | Abyss:1  | Found a corrupted altar of Lugonu.
    33 | Abyss:1  | Found a corrupted altar of Lugonu.
    58 | Abyss:1  | Found a corrupted altar of Lugonu.
    89 | D:1      | Escaped the Abyss
   160 | D:1      | Reached XP level 2. HP: 19/28 MP: 3/3
   264 | D:1      | Reached skill level 1 in Stealth
   857 | D:1      | Reached XP level 3. HP: 33/34 MP: 5/5
  1049 | D:1      | Reached ** piety under Lugonu
  2004 | D:2      | Noticed an angel
  2008 | D:2      | Found a shimmering altar of Xom.
  2009 | D:2      | Found a glowing silver altar of Zin.
  2080 | D:2      | Noticed Robin
  2100 | D:2      | Reached XP level 4. HP: 42/42 MP: 6/6
  2147 | D:2      | Killed Robin
  3399 | D:3      | Reached XP level 5. HP: 33/49 MP: 7/7
  3961 | D:3      | Reached *** piety under Lugonu
  4430 | D:3      | Found a transporter.
  4430 | D:3      | Noticed Jstep's ghost (amateur MiFi)
  4446 | D:3      | Found a transporter.
  4946 | D:4      | Found a sacrificial altar of Ru.
  4975 | D:4      | Reached XP level 6. HP: 16/56 MP: 9/9
  4982 | D:4      | HP: 2/56 [poisoned by a worker ant]
  4982 | D:4      | Slain by an orc

Illustrated notes

Levels and vault maps discovered:
D:1:      dpeg_arrival_tiny_a, layout_loops_cross
D:2:      minmay_spotlight, layout_basic,
          grunt_temple_overflow_order_and_chaos_1, minivault_14, uniq_robin
D:3:      layout_loops_ring, gammafunk_ghost_arena, gup_sewer_entry_glass
D:4:      kennysheep_the_goblin_king, layout_layer_cave, fedhas_altar_1,
          pdpol_wu_jian_five_deadly_venoms, kennysheep_little_box, serial_glass,
          glass_columns_b, glass_columns_c, hangedman_decor_riveting

Skill      XL: |  1  2  3  4  5 |
---------------+----------------+-----
Stealth        | 1 2 3 |  3.7
Invocations    | 3 4 |  4.3
Maces & Flails | 3 4 |  4.0
Fighting       | |  3.0
Armour         | |  1.5
Dodging        | |  0.7

Action                   |  1- 3 |  4- 6 || total
-------------------------+-------+-------++-------
Melee: Mace              |   107 |   142 ||   249
       Unarmed           |     8 |    12 ||    20
 Abil: Spit Poison       |     4 |    10 ||    14
  Use: Potion            |     4 |     4 ||     8
       Scroll            |       |     6 ||     6
 Stab: Sleeping          |     3 |     3 ||     6
Armor: Leather armour    |    53 |    99 ||   152
       Skin              |     7 |    25 ||    32
       Scale mail        |       |    13 ||    13
Dodge: Dodged            |   102 |   151 ||   253

Table legend: (Time is in decaauts)
 A = Elapsed time spent in this place.
 B = Non-inter-level travel time spent in this place.
 C = Inter-level travel time spent in this place.
 D = Time resting spent in this place.
 E = Time spent auto-exploring this place.
 F = Levels seen in this place.
 G = Mean time per level.
                   A        B        C        D        E       F      G
               +--------+--------+--------+--------+--------+-----+--------+
         Total |   5942 |   5832 |    110 |   1160 |   3876 |   5 | 1188.4 |
       Dungeon |   5817 |   5707 |    110 |   1160 |   3761 |   4 | 1454.2 |
         Abyss |    124 |    124 |      0 |      0 |    114 |   1 |  124.0 |
               +--------+--------+--------+--------+--------+-----+--------+

Top non-repeatable levels by time:
     D:2: 2325 daAuts
     D:3: 1670 daAuts
     D:1: 1467 daAuts
     D:4: 355 daAuts
 Abyss:1: 124 daAuts
